Connexion

Wild vs Rampage

Created - 29 août 2023 at 05:48

Goals
1 2 3 T
Wild 2 0 2 4
Rampage 0 0 1 1
Shots
1 2 3 T
Wild 10 3 9 22
Rampage 15 7 6 28

GoalsPenalties
1st period
1. Wild , Anthony Louis 3 (Jalen Chatfield 10) at 5:09
2. Wild , Joseph Gambardella 3 (Dillon Simpson 3, Jalen Chatfield 11) at 13:33 (PP)
Eemeli Rasanen (IOW) for Holding (Minor) at 9:29
Matt Martin (SAN) for Slashing (Minor) at 13:03
Jalen Chatfield (IOW) for Hooking (Minor) at 16:40
2nd period
No Goal
Jeremy Gregoire (IOW) for Boarding (Minor) at 6:40
Erik Gudbranson (SAN) for Cross-checking (Minor) at 18:52
3rd period
3. Wild , Connor Hobbs 1 (Jeremy Gregoire 2, Ben Gleason 6) at 6:21 (PP)
4. Rampage , Joey Anderson 7 (Matt Martin 9, Nick Holden 4) at 10:32
5. Wild , Ben Gleason 3 (Connor Hobbs 7) at 11:05 (PP)
Nick Ritchie (SAN) for Hooking (Minor) at 4:51
Ben Thomas (IOW) for High sticking (Minor) at 6:24
Erik Gudbranson (SAN) for Tripping (Minor) at 10:43
Jalen Chatfield (IOW) for Holding (Minor) at 18:15
Goalie Stats
Maxime Lagace (IOW), 27 saves from 28 shots - (0,964), W, 1-1-0, 60:00 minutes
Jon Gillies (SAN), 18 saves from 22 shots - (0,818), L, 6-3-1, 60:00 minutes
3 StarsOfficial
1 - Connor Hobbs (IOW)
2 - Maxime Lagace (IOW)
3 - Ben Gleason (IOW)
Referees : Francois StLaurent and Ghislain Hebert
Linesman : Brad Lazarowich and Brian Mach
Game Note
Eemeli Rasanen is injured at 9:26 of 3rd period (Sprained Left Ankle)
Finance
Level 1 -- Attendance: 1237 (61,85%) -- Ticket Income 51 954 $
Level 2 -- Attendance: 904 (90,40%) -- Ticket Income 16 272 $
Total Attendance: 2141 (71,37%)
Total Ticket Income: 68 226 $
Other Income: 13 645 $
Total Income: 81 871 $



Team Name Goals Shots Shots Attemp Shots Blocked PIM HIT PP PK FO%
Wild 422501310263 / 4 (75%)057%
Rampage 1287198280 / 5 (0%)343%

Wild
Player Name POS G A P +/- PIM HIT SHT SB MP PP MP PP SHT PK MP PK SHT FO% FOT
Anthony LouisC/LW1010002022:042:5106:06060% 20
Antti SuomelaC000000007:210:0001:02050% 4
Ben GleasonD112-1011121:521:2214:2100% 0
Ben ThomasD0000220115:430:0001:1100% 0
Connor HobbsD112-1041321:121:2213:4100% 0
Danick MartelC/LW0000024019:031:3012:5200% 0
Dillon SimpsonD0111021223:582:5913:4900% 0
Eemeli RasanenD0000230313:290:0001:4500% 0
Jalen ChatfieldD0221410221:492:5902:4000% 0
Jeremy GregoireC/LW/RW0110231016:371:3000:2700% 1
Joseph GambardellaC/LW1010012019:181:3013:07055% 20
Kasper BjorkqvistLW/RW0000001011:520:0000:0000% 1
Lukas JasekC/RW0000002012:180:0000:26069% 13
Michael MerschLW/RW0000040011:520:0000:0000% 0
Nikita JevpalovsLW/RW000000006:190:0000:0000% 0
Ryan KuffnerLW000000206:350:0000:1600% 0
Tanner PearsonLW0000014122:042:5106:06150% 10
Taylor RaddyshRW0000021016:492:5110:510100% 1
Rampage
Player Name POS G A P +/- PIM HIT SHT SB MP PP MP PP SHT PK MP PK SHT FO% FOT
Curtis McKenzieLW0001011019:204:3810:52050% 2
Dmytro TimashovLW000003007:340:0000:0000% 0
Eric CornelC/RW000002208:200:3400:12020% 5
Erik Gudbranson D0001440121:564:2101:0500% 0
Hudson FaschingRW000-1004020:024:2822:5600% 0
Jayson MegnaRW0000002012:470:5000:0000% 0
Joey AndersonRW1011002022:134:3803:45071% 7
Johnny KovacevicD0000021113:370:1600:0000% 0
Joseph LabateLW000-1074017:064:2800:0000% 0
Josh BrownD000-1011222:295:0301:2000% 0
Josh LeivoRW000000007:340:0000:0000% 0
Matt MartinC/LW/RW0111252119:084:2200:57124% 17
Michael SgarbossaC000-1002017:064:2810:00048% 27
Nick HoldenD0111010123:264:2102:3300% 0
Nick RitchieLW0000210011:560:0000:000100% 1
Robert HaggD000-1003222:575:0321:4800% 0
Sam CarrickC0000003012:310:3400:00045% 11
Steven KampferD0000011115:330:1601:5600% 0



Play-by-Play

1st period


0:01 of 1st period - Matt Martin wins face-off versus Anthony Louis in neutral zone.
0:52 of 1st period - Icing by Jalen Chatfield.
0:53 of 1st period - Michael Sgarbossa wins face-off versus Anthony Louis in Wild zone.
0:57 of 1st period - Michael Sgarbossa is hit by Dillon Simpson and loses puck.
1:15 of 1st period - Icing by Jalen Chatfield.
1:16 of 1st period - Taylor Raddysh wins face-off versus Sam Carrick in Wild zone.
1:28 of 1st period - Icing by Johnny Kovacevic.
1:29 of 1st period - Sam Carrick wins face-off versus Joseph Gambardella in Rampage zone.
1:49 of 1st period - Shot by Jeremy Gregoire.
1:49 of 1st period - Shot Misses the Net.
1:58 of 1st period - Icing by Johnny Kovacevic.
1:59 of 1st period - Lukas Jasek wins face-off versus Sam Carrick in Rampage zone.
2:51 of 1st period - Connor Hobbs is hit by Joseph Labate.
3:03 of 1st period - Shot by Michael Sgarbossa.
3:03 of 1st period - Shot Misses the Net.
4:39 of 1st period - Shot by Anthony Louis.
4:39 of 1st period - Stopped by Jon Gillies without a rebound.
4:40 of 1st period - Lukas Jasek wins face-off versus Sam Carrick in Rampage zone.
4:40 of 1st period - Lukas Jasek is hit by Erik Gudbranson .
5:01 of 1st period - Shot by Lukas Jasek.
5:01 of 1st period - Stopped by Jon Gillies without a rebound.
5:02 of 1st period - Anthony Louis wins face-off versus Michael Sgarbossa in Rampage zone.
5:09 of 1st period - Shot by Anthony Louis.
5:09 of 1st period - Goal by Anthony Louis - Wild : 1 - Rampage : 0.
5:10 of 1st period - Joseph Gambardella wins face-off versus Curtis McKenzie in neutral zone.
5:23 of 1st period - Icing by Curtis McKenzie.
5:24 of 1st period - Matt Martin wins face-off versus Anthony Louis in Rampage zone.
5:29 of 1st period - Shot by Tanner Pearson.
5:29 of 1st period - Shot Blocked by Matt Martin.
5:45 of 1st period - Shot by Tanner Pearson.
5:45 of 1st period - Shot Blocked by Nick Holden.
6:17 of 1st period - Shot by Michael Sgarbossa.
6:17 of 1st period - Shot Misses the Net.
6:19 of 1st period - Shot by Josh Brown.
6:19 of 1st period - Stopped by Maxime Lagace without a rebound.
6:20 of 1st period - Eric Cornel wins face-off versus Joseph Gambardella in Wild zone.
6:31 of 1st period - Shot by Joseph Gambardella.
6:31 of 1st period - Deflect By Danick Martel.
6:31 of 1st period - Stopped by Jon Gillies without a rebound.
6:32 of 1st period - Lukas Jasek wins face-off versus Michael Sgarbossa in Rampage zone.
6:35 of 1st period - Shot by Kasper Bjorkqvist.
6:35 of 1st period - Deflect By Lukas Jasek.
6:35 of 1st period - Stopped by Jon Gillies without a rebound.
6:36 of 1st period - Michael Sgarbossa wins face-off versus Jeremy Gregoire in Rampage zone.
7:13 of 1st period - Icing by Josh Brown.
7:14 of 1st period - Lukas Jasek wins face-off versus Michael Sgarbossa in Rampage zone.
7:21 of 1st period - Shot by Kasper Bjorkqvist.
7:21 of 1st period - Stopped by Jon Gillies without a rebound.
7:22 of 1st period - Lukas Jasek wins face-off versus Matt Martin in Rampage zone.
7:25 of 1st period - Shot by Michael Mersch.
7:25 of 1st period - Shot Misses the Net.
7:56 of 1st period - Erik Gudbranson is hit by Michael Mersch and loses puck.
8:04 of 1st period - Icing by Dillon Simpson.
8:05 of 1st period - Nick Ritchie wins face-off versus Lukas Jasek in Wild zone.
8:10 of 1st period - Shot by Sam Carrick.
8:10 of 1st period - Deflect By Jayson Megna.
8:10 of 1st period - Shot Misses the Net.
8:12 of 1st period - Shot by Jayson Megna.
8:12 of 1st period - Stopped by Maxime Lagace with a rebound.
8:14 of 1st period - Shot by Sam Carrick.
8:14 of 1st period - Shot Blocked by Jalen Chatfield.
8:34 of 1st period - Shot by Jayson Megna.
8:34 of 1st period - Deflect By Nick Ritchie.
8:34 of 1st period - Shot Misses the Net.
9:01 of 1st period - Off-side.
9:02 of 1st period - Michael Sgarbossa wins face-off versus Joseph Gambardella in neutral zone.
9:02 of 1st period - Hudson Fasching is hit by Jeremy Gregoire and loses puck.
9:13 of 1st period - Shot by Hudson Fasching.
9:13 of 1st period - Deflect By Joseph Labate.
9:13 of 1st period - Stopped by Maxime Lagace without a rebound.
9:14 of 1st period - Anthony Louis wins face-off versus Joey Anderson in Wild zone.
9:14 of 1st period - Anthony Louis is hit by Matt Martin.
9:27 of 1st period - Nick Holden is hit by Ben Thomas and loses puck.
9:29 of 1st period - Minor Penalty to Eemeli Rasanen for Holding.
9:30 of 1st period - Michael Sgarbossa wins face-off versus Tanner Pearson in Wild zone.
9:51 of 1st period - Shot by Michael Sgarbossa.
9:51 of 1st period - Stopped by Maxime Lagace without a rebound.
9:52 of 1st period - Curtis McKenzie wins face-off versus Tanner Pearson in Wild zone.
9:56 of 1st period - Shot by Curtis McKenzie.
9:56 of 1st period - Shot Misses the Net.
9:58 of 1st period - Shot by Curtis McKenzie.
9:58 of 1st period - Shot Misses the Net.
10:00 of 1st period - Shot by Robert Hagg.
10:00 of 1st period - Stopped by Maxime Lagace without a rebound.
10:01 of 1st period - Tanner Pearson wins face-off versus Matt Martin in Wild zone.
10:01 of 1st period - Tanner Pearson is hit by Matt Martin.
10:22 of 1st period - Icing by Robert Hagg.
10:23 of 1st period - Joseph Gambardella wins face-off versus Matt Martin in Rampage zone.
11:32 of 1st period - Joseph Labate is hit by Ben Thomas and loses puck.
11:35 of 1st period - Shot by Eric Cornel.
11:35 of 1st period - Shot Misses the Net.
11:55 of 1st period - Shot by Eric Cornel.
11:55 of 1st period - Stopped by Maxime Lagace without a rebound.
11:56 of 1st period - Sam Carrick wins face-off versus Lukas Jasek in Wild zone.
12:28 of 1st period - Shot by Jayson Megna.
12:28 of 1st period - Shot Misses the Net.
12:30 of 1st period - Shot by Jayson Megna.
12:30 of 1st period - Stopped by Maxime Lagace without a rebound.
12:31 of 1st period - Anthony Louis wins face-off versus Michael Sgarbossa in Wild zone.
12:31 of 1st period - Anthony Louis is hit by Joseph Labate.
12:49 of 1st period - Shot by Joseph Labate.
12:49 of 1st period - Stopped by Maxime Lagace with a rebound.
12:51 of 1st period - Shot by Michael Sgarbossa.
12:51 of 1st period - Stopped by Maxime Lagace with a rebound.
12:53 of 1st period - Shot by Hudson Fasching.
12:53 of 1st period - Stopped by Maxime Lagace with a rebound.
12:55 of 1st period - Shot by Joseph Labate.
12:55 of 1st period - Stopped by Maxime Lagace with a rebound.
12:57 of 1st period - Shot by Michael Sgarbossa.
12:57 of 1st period - Deflect By Hudson Fasching.
12:57 of 1st period - Shot Blocked by Connor Hobbs.
12:59 of 1st period - Shot by Hudson Fasching.
12:59 of 1st period - Shot Misses the Net.
13:01 of 1st period - Shot by Joseph Labate.
13:01 of 1st period - Stopped by Maxime Lagace without a rebound.
13:02 of 1st period - Joseph Gambardella wins face-off versus Matt Martin in Wild zone.
13:02 of 1st period - Joseph Gambardella is hit by Matt Martin.
13:03 of 1st period - Minor Penalty to Matt Martin for Slashing.
13:04 of 1st period - Joey Anderson wins face-off versus Joseph Gambardella in Rampage zone.
13:27 of 1st period - Shot by Danick Martel.
13:27 of 1st period - Stopped by Jon Gillies with a rebound.
13:29 of 1st period - Shot by Jalen Chatfield.
13:29 of 1st period - Shot Misses the Net.
13:31 of 1st period - Shot by Dillon Simpson.
13:31 of 1st period - Stopped by Jon Gillies with a rebound.
13:33 of 1st period - Shot by Joseph Gambardella.
13:33 of 1st period - Goal by Joseph Gambardella - Wild : 2 - Rampage : 0.
13:34 of 1st period - Anthony Louis wins face-off versus Eric Cornel in neutral zone.
14:01 of 1st period - Shot by Dmytro Timashov.
14:01 of 1st period - Shot Blocked by Connor Hobbs.
14:11 of 1st period - Eric Cornel is hit by Tanner Pearson and loses puck.
14:30 of 1st period - Shot by Antti Suomela.
14:30 of 1st period - Shot Blocked by Robert Hagg.
14:32 of 1st period - Shot by Nikita Jevpalovs.
14:32 of 1st period - Shot Misses the Net.
15:09 of 1st period - Off-side.
15:10 of 1st period - Michael Sgarbossa wins face-off versus Joseph Gambardella in neutral zone.
15:13 of 1st period - Dillon Simpson is hit by Joseph Labate and loses puck.
15:28 of 1st period - Jalen Chatfield is hit by Erik Gudbranson and loses puck.
15:38 of 1st period - Jeremy Gregoire is hit by Erik Gudbranson and loses puck.
15:43 of 1st period - Shot by Joseph Gambardella.
15:43 of 1st period - Stopped by Jon Gillies without a rebound.
15:44 of 1st period - Anthony Louis wins face-off versus Matt Martin in Rampage zone.
15:54 of 1st period - Joey Anderson is hit by Ben Gleason and loses puck.
15:59 of 1st period - Shot by Joey Anderson.
15:59 of 1st period - Stopped by Maxime Lagace with a rebound.
16:06 of 1st period - Joey Anderson is hit by Connor Hobbs and loses puck.
16:11 of 1st period - Shot by Matt Martin.
16:11 of 1st period - Shot Blocked by Tanner Pearson.
16:13 of 1st period - Shot by Joey Anderson.
16:13 of 1st period - Shot Misses the Net.
16:23 of 1st period - Shot by Johnny Kovacevic.
16:23 of 1st period - Stopped by Maxime Lagace without a rebound.
16:24 of 1st period - Michael Sgarbossa wins face-off versus Joseph Gambardella in Wild zone.
16:38 of 1st period - Michael Sgarbossa is hit by Jalen Chatfield and loses puck.
16:40 of 1st period - Minor Penalty to Jalen Chatfield for Hooking.
16:41 of 1st period - Michael Sgarbossa wins face-off versus Tanner Pearson in Wild zone.
17:20 of 1st period - Robert Hagg is hit by Joseph Gambardella and loses puck.
17:48 of 1st period - Shot by Joey Anderson.
17:48 of 1st period - Shot Misses the Net.
17:50 of 1st period - Shot by Erik Gudbranson .
17:50 of 1st period - Shot Misses the Net.
17:52 of 1st period - Shot by Curtis McKenzie.
17:52 of 1st period - Stopped by Maxime Lagace without a rebound.
17:53 of 1st period - Tanner Pearson wins face-off versus Matt Martin in Wild zone.
18:23 of 1st period - Shot by Curtis McKenzie.
18:23 of 1st period - Shot Misses the Net.
18:36 of 1st period - Icing by Robert Hagg.
18:37 of 1st period - Michael Sgarbossa wins face-off versus Joseph Gambardella in Rampage zone.
18:37 of 1st period - Michael Sgarbossa is hit by Danick Martel.
Goals for this period are 2 for Wild vs 0 for Rampage.
Shots for this period are 10 for Wild vs 15 for Rampage.

2nd period


0:01 of 2nd period - Anthony Louis wins face-off versus Matt Martin in neutral zone.
0:01 of 2nd period - Dillon Simpson is hit by Matt Martin and loses puck.
2:26 of 2nd period - Josh Brown is hit by Jeremy Gregoire and loses puck.
2:35 of 2nd period - Shot by Josh Leivo.
2:35 of 2nd period - Shot Misses the Net.
3:20 of 2nd period - Ben Thomas is hit by Dmytro Timashov and loses puck.
3:28 of 2nd period - Icing by Kasper Bjorkqvist.
3:29 of 2nd period - Matt Martin wins face-off versus Lukas Jasek in Wild zone.
3:38 of 2nd period - Eemeli Rasanen is hit by Matt Martin and loses puck.
3:48 of 2nd period - Joey Anderson is hit by Eemeli Rasanen and loses puck.
3:59 of 2nd period - Icing by Kasper Bjorkqvist.
4:00 of 2nd period - Lukas Jasek wins face-off versus Michael Sgarbossa in Wild zone.
4:06 of 2nd period - Off-side.
4:07 of 2nd period - Anthony Louis wins face-off versus Michael Sgarbossa in neutral zone.
4:37 of 2nd period - Shot by Tanner Pearson.
4:37 of 2nd period - Stopped by Jon Gillies with a rebound.
5:33 of 2nd period - Ryan Kuffner is hit by Curtis McKenzie.
5:42 of 2nd period - Icing by Curtis McKenzie.
5:43 of 2nd period - Joey Anderson wins face-off versus Lukas Jasek in Rampage zone.
5:58 of 2nd period - Matt Martin is hit by Michael Mersch and loses puck.
6:07 of 2nd period - Nick Holden is hit by Michael Mersch and loses puck.
6:39 of 2nd period - Hudson Fasching is hit by Jeremy Gregoire and loses puck.
6:40 of 2nd period - Minor Penalty to Jeremy Gregoire for Boarding.
6:41 of 2nd period - Tanner Pearson wins face-off versus Michael Sgarbossa in Wild zone.
7:58 of 2nd period - Shot by Robert Hagg.
7:58 of 2nd period - Shot Misses the Net.
8:12 of 2nd period - Shot by Tanner Pearson.
8:12 of 2nd period - Stopped by Jon Gillies with a rebound.
8:26 of 2nd period - Shot by Eemeli Rasanen.
8:26 of 2nd period - Shot Blocked by Josh Brown.
8:42 of 2nd period - Icing by Antti Suomela.
8:43 of 2nd period - Antti Suomela wins face-off versus Michael Sgarbossa in Wild zone.
8:43 of 2nd period - Antti Suomela is hit by Joseph Labate.
8:46 of 2nd period - Ryan Kuffner is hit by Joseph Labate and loses puck.
8:54 of 2nd period - Johnny Kovacevic is hit by Connor Hobbs and loses puck.
9:00 of 2nd period - Icing by Connor Hobbs.
9:01 of 2nd period - Sam Carrick wins face-off versus Antti Suomela in Wild zone.
9:01 of 2nd period - Jayson Megna is hit by Connor Hobbs and loses puck.
9:08 of 2nd period - Shot by Sam Carrick.
9:08 of 2nd period - Stopped by Maxime Lagace without a rebound.
9:09 of 2nd period - Joseph Gambardella wins face-off versus Michael Sgarbossa in Wild zone.
9:09 of 2nd period - Joseph Gambardella is hit by Joseph Labate.
9:21 of 2nd period - Shot by Joseph Gambardella.
9:21 of 2nd period - Shot Misses the Net.
9:28 of 2nd period - Icing by Nick Holden.
9:29 of 2nd period - Michael Sgarbossa wins face-off versus Antti Suomela in Rampage zone.
9:34 of 2nd period - Shot by Michael Sgarbossa.
9:34 of 2nd period - Shot Blocked by Eemeli Rasanen.
9:36 of 2nd period - Shot by Joseph Labate.
9:36 of 2nd period - Shot Misses the Net.
9:40 of 2nd period - Shot by Hudson Fasching.
9:40 of 2nd period - Shot Blocked by Eemeli Rasanen.
9:42 of 2nd period - Shot by Hudson Fasching.
9:42 of 2nd period - Shot Blocked by Ben Thomas.
10:03 of 2nd period - Shot by Antti Suomela.
10:03 of 2nd period - Shot Misses the Net.
10:40 of 2nd period - Tanner Pearson is hit by Nick Ritchie and loses puck.
10:46 of 2nd period - Off-side.
10:47 of 2nd period - Joseph Gambardella wins face-off versus Matt Martin in neutral zone.
11:02 of 2nd period - Shot by Joey Anderson.
11:02 of 2nd period - Shot Misses the Net.
11:21 of 2nd period - Jeremy Gregoire is hit by Johnny Kovacevic and loses puck.
11:49 of 2nd period - Icing by Connor Hobbs.
11:50 of 2nd period - Michael Sgarbossa wins face-off versus Joseph Gambardella in Wild zone.
11:58 of 2nd period - Joseph Gambardella is hit by Erik Gudbranson .
12:08 of 2nd period - Ben Gleason is hit by Joseph Labate and loses puck.
12:13 of 2nd period - Shot by Hudson Fasching.
12:13 of 2nd period - Shot Blocked by Ben Gleason.
13:07 of 2nd period - Shot by Jayson Megna.
13:07 of 2nd period - Shot Hit the Post.
13:09 of 2nd period - Shot by Robert Hagg.
13:09 of 2nd period - Stopped by Maxime Lagace without a rebound.
13:10 of 2nd period - Lukas Jasek wins face-off versus Eric Cornel in Wild zone.
13:32 of 2nd period - Josh Leivo is hit by Eemeli Rasanen and loses puck.
13:35 of 2nd period - Shot by Eric Cornel.
13:35 of 2nd period - Shot Misses the Net.
13:37 of 2nd period - Shot by Josh Leivo.
13:37 of 2nd period - Deflect By Eric Cornel.
13:37 of 2nd period - Stopped by Maxime Lagace without a rebound.
13:38 of 2nd period - Anthony Louis wins face-off versus Matt Martin in Wild zone.
14:03 of 2nd period - Shot by Matt Martin.
14:03 of 2nd period - Stopped by Maxime Lagace with a rebound.
14:05 of 2nd period - Shot by Curtis McKenzie.
14:05 of 2nd period - Shot Misses the Net.
14:07 of 2nd period - Shot by Curtis McKenzie.
14:07 of 2nd period - Shot Blocked by Dillon Simpson.
14:16 of 2nd period - Icing by Dillon Simpson.
14:17 of 2nd period - Michael Sgarbossa wins face-off versus Anthony Louis in Wild zone.
14:52 of 2nd period - Shot by Hudson Fasching.
14:52 of 2nd period - Shot Misses the Net.
15:56 of 2nd period - Shot by Nikita Jevpalovs.
15:56 of 2nd period - Deflect By Ryan Kuffner.
15:56 of 2nd period - Stopped by Jon Gillies without a rebound.
15:57 of 2nd period - Matt Martin wins face-off versus Joseph Gambardella in Rampage zone.
15:57 of 2nd period - Matt Martin is hit by Danick Martel.
16:05 of 2nd period - Shot by Matt Martin.
16:05 of 2nd period - Shot Hit the Post.
16:10 of 2nd period - Icing by Ben Gleason.
16:11 of 2nd period - Joseph Gambardella wins face-off versus Michael Sgarbossa in Wild zone.
17:35 of 2nd period - Matt Martin is hit by Michael Mersch and loses puck.
17:54 of 2nd period - Shot by Michael Mersch.
17:54 of 2nd period - Shot Misses the Net.
18:11 of 2nd period - Shot by Sam Carrick.
18:11 of 2nd period - Shot Hit the Post.
18:13 of 2nd period - Shot by Sam Carrick.
18:13 of 2nd period - Shot Misses the Net.
18:15 of 2nd period - Shot by Nick Ritchie.
18:15 of 2nd period - Shot Misses the Net.
18:17 of 2nd period - Shot by Sam Carrick.
18:17 of 2nd period - Stopped by Maxime Lagace with a rebound.
18:19 of 2nd period - Shot by Steven Kampfer.
18:19 of 2nd period - The goal is going for a video replay.
18:19 of 2nd period - The goal is refused.
18:20 of 2nd period - Joseph Gambardella wins face-off versus Eric Cornel in Wild zone.
18:20 of 2nd period - Joseph Gambardella is hit by Dmytro Timashov.
18:25 of 2nd period - Ben Gleason is hit by Eric Cornel and loses puck.
18:46 of 2nd period - Joseph Gambardella is hit by Dmytro Timashov and loses puck.
18:52 of 2nd period - Minor Penalty to Erik Gudbranson for Cross-checking.
18:53 of 2nd period - Joey Anderson wins face-off versus Anthony Louis in Rampage zone.
19:27 of 2nd period - Shot by Tanner Pearson.
19:27 of 2nd period - Shot Misses the Net.
19:29 of 2nd period - Shot by Anthony Louis.
19:29 of 2nd period - Deflect By Tanner Pearson.
19:29 of 2nd period - Shot Hit the Post.
19:58 of 2nd period - Shot by Matt Martin.
19:58 of 2nd period - Stopped by Maxime Lagace with a rebound.
Goals for this period are 0 for Wild vs 0 for Rampage.
Shots for this period are 3 for Wild vs 7 for Rampage.

3rd period


0:01 of 3rd period - Joey Anderson wins face-off versus Anthony Louis in neutral zone.
0:22 of 3rd period - Anthony Louis is hit by Nick Holden and loses puck.
0:35 of 3rd period - Shot by Taylor Raddysh.
0:35 of 3rd period - Shot Misses the Net.
0:39 of 3rd period - Shot by Taylor Raddysh.
0:39 of 3rd period - Stopped by Jon Gillies with a rebound.
1:07 of 3rd period - Shot by Sam Carrick.
1:07 of 3rd period - Stopped by Maxime Lagace with a rebound.
1:09 of 3rd period - Shot by Jayson Megna.
1:09 of 3rd period - Shot Misses the Net.
2:38 of 3rd period - Shot by Joseph Gambardella.
2:38 of 3rd period - Shot Misses the Net.
2:40 of 3rd period - Shot by Jeremy Gregoire.
2:40 of 3rd period - Stopped by Jon Gillies without a rebound.
2:41 of 3rd period - Anthony Louis wins face-off versus Matt Martin in Rampage zone.
2:47 of 3rd period - Taylor Raddysh is hit by Steven Kampfer and loses puck.
3:20 of 3rd period - Shot by Tanner Pearson.
3:20 of 3rd period - Shot Blocked by Steven Kampfer.
3:22 of 3rd period - Shot by Tanner Pearson.
3:22 of 3rd period - Stopped by Jon Gillies with a rebound.
3:41 of 3rd period - Icing by Ben Gleason.
3:42 of 3rd period - Lukas Jasek wins face-off versus Michael Sgarbossa in Wild zone.
4:08 of 3rd period - Shot by Hudson Fasching.
4:08 of 3rd period - Stopped by Maxime Lagace with a rebound.
4:51 of 3rd period - Minor Penalty to Nick Ritchie for Hooking.
4:52 of 3rd period - Anthony Louis wins face-off versus Joey Anderson in Rampage zone.
4:57 of 3rd period - Shot by Dillon Simpson.
4:57 of 3rd period - Shot Blocked by Erik Gudbranson .
5:07 of 3rd period - Shot by Anthony Louis.
5:07 of 3rd period - Shot Misses the Net.
5:19 of 3rd period - Hudson Fasching is hit by Taylor Raddysh and loses puck.
6:09 of 3rd period - Shot by Jeremy Gregoire.
6:09 of 3rd period - Shot Misses the Net.
6:15 of 3rd period - Shot by Ben Gleason.
6:15 of 3rd period - Shot Blocked by Robert Hagg.
6:17 of 3rd period - Shot by Ben Gleason.
6:17 of 3rd period - Shot Misses the Net.
6:21 of 3rd period - Shot by Connor Hobbs.
6:21 of 3rd period - Goal by Connor Hobbs - Wild : 3 - Rampage : 0.
6:22 of 3rd period - Sam Carrick wins face-off versus Kasper Bjorkqvist in neutral zone.
6:24 of 3rd period - Minor Penalty to Ben Thomas for High sticking.
6:25 of 3rd period - Michael Sgarbossa wins face-off versus Tanner Pearson in Wild zone.
6:26 of 3rd period - Shot by Hudson Fasching.
6:26 of 3rd period - Stopped by Maxime Lagace without a rebound.
6:27 of 3rd period - Michael Sgarbossa wins face-off versus Tanner Pearson in Wild zone.
7:00 of 3rd period - Shot by Joseph Labate.
7:00 of 3rd period - Shot Blocked by Connor Hobbs.
7:06 of 3rd period - Shot by Hudson Fasching.
7:06 of 3rd period - Stopped by Maxime Lagace without a rebound.
7:07 of 3rd period - Joseph Gambardella wins face-off versus Matt Martin in Wild zone.
7:26 of 3rd period - Shot by Matt Martin.
7:26 of 3rd period - Shot Blocked by Jalen Chatfield.
7:28 of 3rd period - Shot by Robert Hagg.
7:28 of 3rd period - Stopped by Maxime Lagace without a rebound.
7:29 of 3rd period - Tanner Pearson wins face-off versus Michael Sgarbossa in Wild zone.
8:42 of 3rd period - Shot by Kasper Bjorkqvist.
8:42 of 3rd period - Shot Misses the Net.
8:57 of 3rd period - Sam Carrick is hit by Eemeli Rasanen and loses puck.
9:26 of 3rd period - Shot by Joey Anderson.
9:26 of 3rd period - Shot Blocked by Eemeli Rasanen.
9:26 of 3rd period - Eemeli Rasanen from Wild is injured at 9:26 of 3rd period (Sprained Left Ankle).
9:27 of 3rd period - Joseph Gambardella wins face-off versus Eric Cornel in Wild zone.
9:45 of 3rd period - Danick Martel is hit by Eric Cornel and loses puck.
9:50 of 3rd period - Shot by Robert Hagg.
9:50 of 3rd period - Shot Blocked by Dillon Simpson.
10:04 of 3rd period - Shot by Dmytro Timashov.
10:04 of 3rd period - Shot Hit the Post.
10:32 of 3rd period - Shot by Joey Anderson.
10:32 of 3rd period - Goal by Joey Anderson - Wild : 3 - Rampage : 1.
10:33 of 3rd period - Antti Suomela wins face-off versus Michael Sgarbossa in neutral zone.
10:38 of 3rd period - Shot by Ryan Kuffner.
10:38 of 3rd period - Stopped by Jon Gillies without a rebound.
10:39 of 3rd period - Anthony Louis wins face-off versus Matt Martin in Rampage zone.
10:43 of 3rd period - Minor Penalty to Erik Gudbranson for Tripping.
10:44 of 3rd period - Joey Anderson wins face-off versus Anthony Louis in Rampage zone.
11:05 of 3rd period - Shot by Ben Gleason.
11:05 of 3rd period - Goal by Ben Gleason - Wild : 4 - Rampage : 1.
11:06 of 3rd period - Joseph Gambardella wins face-off versus Sam Carrick in neutral zone.
11:13 of 3rd period - Icing by Sam Carrick.
11:14 of 3rd period - Sam Carrick wins face-off versus Anthony Louis in Rampage zone.
11:14 of 3rd period - Sam Carrick is hit by Taylor Raddysh.
11:31 of 3rd period - Nick Holden is hit by Dillon Simpson and loses puck.
12:25 of 3rd period - Shot by Joseph Gambardella.
12:25 of 3rd period - Shot Blocked by Josh Brown.
12:27 of 3rd period - Shot by Danick Martel.
12:27 of 3rd period - Stopped by Jon Gillies with a rebound.
12:37 of 3rd period - Shot by Danick Martel.
12:37 of 3rd period - Stopped by Jon Gillies without a rebound.
12:38 of 3rd period - Lukas Jasek wins face-off versus Michael Sgarbossa in Rampage zone.
12:38 of 3rd period - Michael Mersch is hit by Johnny Kovacevic and loses puck.
12:49 of 3rd period - Shot by Lukas Jasek.
12:49 of 3rd period - Shot Misses the Net.
12:51 of 3rd period - Shot by Connor Hobbs.
12:51 of 3rd period - Shot Blocked by Johnny Kovacevic.
13:31 of 3rd period - Shot by Dillon Simpson.
13:31 of 3rd period - Shot Misses the Net.
14:11 of 3rd period - Shot by Tanner Pearson.
14:11 of 3rd period - Stopped by Jon Gillies without a rebound.
14:12 of 3rd period - Joseph Gambardella wins face-off versus Sam Carrick in Rampage zone.
14:59 of 3rd period - Icing by Jayson Megna.
15:00 of 3rd period - Anthony Louis wins face-off versus Sam Carrick in Rampage zone.
15:21 of 3rd period - Shot by Jalen Chatfield.
15:21 of 3rd period - Shot Misses the Net.
16:08 of 3rd period - Kasper Bjorkqvist is hit by Josh Brown and loses puck.
16:28 of 3rd period - Hudson Fasching is hit by Connor Hobbs and loses puck.
17:44 of 3rd period - Shot by Josh Leivo.
17:44 of 3rd period - Shot Misses the Net.
17:46 of 3rd period - Shot by Eric Cornel.
17:46 of 3rd period - Shot Misses the Net.
17:48 of 3rd period - Shot by Eric Cornel.
17:48 of 3rd period - Deflect By Dmytro Timashov.
17:48 of 3rd period - Shot Misses the Net.
18:15 of 3rd period - Minor Penalty to Jalen Chatfield for Holding.
18:16 of 3rd period - Tanner Pearson wins face-off versus Matt Martin in Wild zone.
18:33 of 3rd period - Shot by Tanner Pearson.
18:33 of 3rd period - Shot Misses the Net.
Goals for this period are 2 for Wild vs 1 for Rampage.
Shots for this period are 9 for Wild vs 6 for Rampage.